 Dungeon Crawl Stone Soup version 0.14-a0-2592-g262d02f (webtiles) character file.

884 CrazyArbalest the Bolt Thrower (level 7, -8/50 HPs)
             Began as a Demonspawn Hunter on Feb 12, 2014.
             Killed by divine providence
             ... invoked by an orc priest
              (14 damage)
             ... on Level 5 of the Dungeon.
             The game lasted 00:23:01 (5129 turns).

CrazyArbalest the Bolt Thrower (Demonspawn Hunter)  Turns: 5129, Time: 00:23:02

HP  -8/50        AC  9     Str 15      XL: 7   Next: 23%
MP   7/7         EV 13     Int 12      God:
Gold 259         SH  2     Dex 13 (14) Spells:  0 memorised,  6 levels left

rFire  . . .     SeeInvis .     b - +1 crossbow
rCold  . . .     Clarity  .     z - +0 orc leather armour
rNeg   . . .     Conserve .     (no shield)
rPois  .         rCorr    .     B - +2 dwarf helmet
rElec  .         rRot     .     k - +0 cloak
SustAb . .       Spirit   .     (no gloves)
rMut   .         Warding  .     (no boots)
Saprov + . .     Stasis   .     N - amulet of rage
MR     .....                    (no ring)
                                O - ring "Strepnoqaa" {Str+1 Dam-5}

@: not resistant to hostile enchantments, fairly stealthy
A: hooves 2, large bone plates 1, nightstalker 1, saprovore 1
a: Evoke Berserk Rage


You were on level 5 of the Dungeon.
You were not hungry.

You visited 1 branch of the dungeon, and saw 5 of its levels.
You also visited: Sewer.

You collected 259 gold pieces.

Inventory:

Hand weapons
 a - a -1,+1 orcish morningstar
 b - a +1,+1 crossbow (weapon)
 m - a -1,+1 orcish whip
 y - a +0,+0 short sword
Missiles
 c - 50 bolts (quivered)
 D - 9 poisoned bolts
Armour
 d - a +0 leather armour
 g - a +0 elven shield
 k - a +0 cloak (worn)
 u - a +0 dwarven buckler
 z - a +0 orcish leather armour (worn)
 B - a +2 dwarven helmet (worn)
 K - a +1 dwarven shield
Magical devices
 Q - a wand of random effects (14) {unknown}
Comestibles
 f - 4 bread rations
 q - a choko
 t - 2 meat rations
 w - a slice of pizza
 R - a rotting chunk of worker ant flesh
Scrolls
 e - 5 scrolls of identify {unknown}
 h - 4 scrolls of teleportation {unknown}
 n - a scroll of blinking {unknown}
 r - 2 scrolls of amnesia {unknown}
 s - a scroll of curse weapon {unknown}
 v - 5 scrolls of remove curse {unknown}
 C - a scroll of curse armour {unknown}
 G - a scroll of recharging {unknown}
 H - 2 scrolls of enchant armour {unknown}
 M - a scroll of fear {unknown}
Jewellery
 p - an uncursed ring of fire
 F - an uncursed amulet of faith {unknown}
 N - an amulet of rage (around neck)
 O - the ring "Strepnoqaa" (left hand) {Str+1 Dam-5}
   (You found it on level 5 of the Dungeon)

   [ring of strength]

   It affects your strength (+1).
   It affects your damage with ranged weapons and melee attacks (-5).
Potions
 i - a potion of might {unknown}
 j - a potion of heal wounds {unknown}
 l - a potion of restore abilities {unknown}
 o - 2 potions of curing {unknown}
 x - a potion of beneficial mutation {unknown}
 A - a potion of lignification {unknown}
 E - a potion of porridge
 I - a potion of confusion {unknown}
 L - a potion of berserk rage {unknown}
Books
 J - a book of the Warp

   Spells                             Type                      Level
   Recall                             Summoning/Translocation      3
   Control Teleport                   Charms/Translocation         4
   Phase Shift                        Translocation                5
   Warp Weapon                        Charms/Translocation         5
   Dispersal                          Translocation                6
   Controlled Blink                   Translocation                7
   Disjunction                        Translocation                8


   Skills:
 + Level 2.0 Fighting
 - Level 1.2 Short Blades
 + Level 1.4 Maces & Flails
 * Level 5.5 Crossbows
 + Level 2.0 Armour
 + Level 4.4 Dodging
 + Level 1.5 Stealth


You had 6 spell levels left.
You didn't know any spells.

Dungeon Overview and Level Annotations

Branches:
Dungeon (5/16)
 Temple: D:4-7

Altars:


Innate Abilities, Weirdness & Mutations

You have hoof-like feet.
You are partially covered in large bone plates (AC +2, SH +2).
You are slightly more attuned to the shadows.
You can tolerate rotten meat.


Message History

The orc priest calls down the wrath of Beogh upon you.
Something smites you!
Wield which item (- for none, * to show all)? (? for menu, Esc to quit)
b - a +1,+1 crossbow (weapon)
Firing (i - inventory. (,) - cycle):
c - 52 bolts (quivered)
Press: ? - help, Shift-Dir - straight line, f - orc priest
Aim: an orc priest, wielding an orcish club and wearing an orcish leather armour You shoot a bolt.
The bolt misses the orc priest.
The orc priest mumbles some strange prayers to Beogh against you.
Something smites you!
* * * LOW HITPOINT WARNING * * *
Firing (i - inventory. (,) - cycle):
c - 51 bolts (quivered)
Press: ? - help, Shift-Dir - straight line, f/p - orc priest
Aim: an orc priest, wielding an orcish club and wearing an orcish leather armour You shoot a bolt.
The bolt hits the orc priest.
The orc priest is heavily wounded.
The orc priest barely misses you.
The orc priest calls down the wrath of Beogh upon you.
Something smites you!
You die...

#.# #.# #.# ..###.###
#.# ###.....# #.#
##.#.#.# #.#
##......# #.#
....#.#.# #.#
###.....# #.#
###.#.###########.#
#####.#..(....%o@...#
......###############
#######


You could see an orc priest.

Vanquished Creatures
  Purgy (Sewer)
  An ogre (D:5)
  A quasit (D:5)
  2 crimson imps
  2 hounds
  A scorpion (D:5)
  An iguana (D:5)
  2 worker ants (D:5)
  Jessica (D:3)
  4 adders
  An inept feature mimic (D:4)
  A giant mite (D:5)
  2 worms (D:3)
  An adder zombie (D:5)
  2 adder skeletons
  6 giant geckos
  An ooze (D:3)
  8 orcs
  12 bats
  6 giant cockroaches
  4 goblins
  15 hobgoblins
  3 jackals
  2 quokkas
  A giant gecko skeleton (D:4)
  5 giant newts
  9 kobolds
  9 rats
104 creatures vanquished.

Notes
Turn   | Place    | Note
--------------------------------------------------------------
     0 | D:1      | CrazyArbalest, the Demonspawn Hunter, began the quest for the Orb.
     0 | D:1      | Reached XP level 1. HP: 15/15 MP: 1/1
   628 | D:1      | Gained mutation: You are partially covered in large bone plates (AC +2, SH +2). [demonic ancestry]
   628 | D:1      | Reached XP level 2. HP: 21/21 MP: 2/2
   645 | D:1      | Reached skill level 4 in Crossbows
  1056 | D:2      | Reached skill level 1 in Stealth
  1056 | D:2      | Gained mutation: You have large cloven feet. [demonic ancestry]
  1056 | D:2      | Reached XP level 3. HP: 23/26 MP: 3/3
  2089 | D:3      | Reached XP level 4. HP: 20/32 MP: 4/4
  2455 | D:3      | Noticed Jessica
  2461 | D:3      | Killed Jessica
  2488 | D:3      | Reached skill level 1 in Armour
  2488 | D:3      | Gained mutation: You are slightly more attuned to the shadows. [demonic ancestry]
  2488 | D:3      | Reached XP level 5. HP: 10/37 MP: 5/5
  3434 | D:4      | Found a glowing drain.
  3438 | Sewer    | Entered a sewer
  3514 | Sewer    | Noticed Purgy
  3519 | Sewer    | Killed Purgy
  3519 | Sewer    | Reached skill level 1 in Short Blades
  3519 | Sewer    | Gained mutation: You can tolerate rotten meat. [demonic ancestry]
  3519 | Sewer    | Reached XP level 6. HP: 43/43 MP: 6/6
  3936 | D:4      | Reached skill level 5 in Crossbows
  4050 | D:5      | Entered Level 5 of the Dungeon
  4066 | D:5      | HP: 2/43 [iguana (4)]
  4079 | D:5      | Got a glittering wooden ring
  4408 | D:5      | Reached skill level 1 in Maces & Flails
  4582 | D:5      | Gained mutation: You have hoof-like feet. [demonic ancestry]
  4582 | D:5      | Reached XP level 7. HP: 24/49 MP: 7/7
  5129 | D:5      | Killed from afar by an orc priest

Action                   |  1- 3 |  4- 6 |  7- 9 || total
-------------------------+-------+-------+-------++-------
Melee: Short sword       |   156 |   133 |       ||   289
       Morningstar       |       |    80 |    56 ||   136
 Fire: Crossbow          |    13 |    24 |    17 ||    54
  Use: Potion            |       |     1 |       ||     1
 Stab: Sleeping          |       |     4 |     2 ||     6
